 Dungeon Crawl Stone Soup version 0.29.1-15-g9cfb28693d (webtiles) character file.

Game seed: 8431043724206447258

5 McKennaii the Digger (level 1, 0/14 HPs)
             Began as a Demigod Earth Elementalist on Feb 25, 2023.
             Slain by a jackal (3 damage)
             ... on level 1 of the Dungeon.
             The game lasted 00:00:09 (53 turns).

McKennaii the Digger (Demigod Earth Elementalist)     Turns: 53, Time: 00:00:09

Health: 0/14       AC:  2    Str:  9    XL:     1   Next: 53%
Magic:  0/5        EV: 12    Int: 17    God:
Gold:   10         SH:  0    Dex: 14    Spells: 3/4 levels left

rFire   . . .      SeeInvis .   (no weapon)
rCold   . . .      Faith    .   (no shield)
rNeg    . . .      Spirit   .   a - +0 robe
rPois   .          Reflect  .   (no helmet)
rElec   .          Harm     .   (no cloak)
rCorr   .          Rampage  .   (no gloves)
Will    .....                   (no boots)
Stlth   ++........              (no amulet)
HPRegen 0.04/turn               (no ring)
MPRegen 0.09/turn               (no ring)

@: no status effects
A: high MP 1, forlorn, divine attributes
a: no special abilities


You were on level 1 of the Dungeon.
You visited 1 branch of the dungeon, and saw 1 of its levels.

You collected 10 gold pieces.

Inventory:

Armour
 a - a +0 robe (worn)
Potions
 b - a potion of magic
 c - a potion of invisibility {unknown}


   Skills:
 - Level 1.7 Dodging
 - Level 1.7 Stealth
 + Level 2.0 Spellcasting
 - Level 0.8 Transmutations
 + Level 2.9 Earth Magic


You had 3 spell levels left.
You knew the following spells:

 Your Spells              Type           Power      Damage    Failure   Level
a - Sandblast             Erth           22%        2d7       6%          1

Your spell library contained the following spells:

 Spells                   Type           Power      Damage    Failure   Level
 Passwall                 Tmut/Erth      6%         N/A       14%         2
 Stone Arrow              Conj/Erth      12%        3d7       32%         3
 Petrify                  Tmut/Erth      8%         N/A       65%         4


Dungeon Overview and Level Annotations

Branches:
Dungeon (1/15)


Innate Abilities, Weirdness & Mutations

You have an increased reservoir of magic. (+10% MP)
You shall have no god before yourself.
Your divine heritage dramatically boosts your attributes as you level up.


Message History

You kill the jackal!
The jackal barks!
You hear an angry hiss.
Your Spellcasting skill increases to level 2!
Found 4 poisoned darts.
The jackal barely misses you.
Your magical contamination has completely faded away.
You closely miss the jackal.
The jackal bites you but does no damage.
A ball python comes into view.
The ball python hisses angrily.
You hit the jackal but do no damage. The jackal misses you.
You are out of magic!
There are monsters nearby!
You hit the jackal.
The jackal is moderately wounded.
The jackal barely misses you.
A jackal comes into view.
The jackal bites you.
You barely miss the jackal. The jackal bites you.
You are out of magic!
You barely miss the jackal. The jackal barely misses you. The jackal bites you.
The jackal attacks as you move away! The jackal barely misses you.
The jackal bites you but does no damage.
The ball python attacks as you move away!
The ball python bites you. The ball python barely misses you.
The jackal bites you.
The ball python attacks as you move away!
The ball python misses you. The jackal closely misses you.
Casting: Sandblast (safe; 6% risk of failure)
Confirm with . or Enter, or press ? or * to list all spells.
Aiming: Sandblast (safe; 6% risk of failure)
Press: ? - help, Shift-Dir - straight line, f - ball python
Aim: a ball python (80% to hit)
The blast of sand hits the ball python.
You kill the ball python!
The jackal bites you.
* * * LOW HITPOINT WARNING * * *
The jackal bites you.
You die...

..............# ..
...........##.....
......†....###....
.................#
###.........###.#
#.........#
#.........#
####..h#### #..@#
####...####
#.........#
#.......^.#
#.........#
####...#### #...#
####...####
#.........#


You could see a jackal.

Vanquished Creatures
  A ball python (D:1)
  A bat (D:1)
  A jackal (D:1)
  A kobold (D:1)
  A quokka (D:1)
5 creatures vanquished.

Notes
Turn   | Place    | Note
-------+----------+-------------------------------------------
     0 | D:1      | McKennaii the Demigod Earth Elementalist began the quest
                  | for the Orb.
     0 | D:1      | Reached XP level 1. HP: 14/14 MP: 5/5
    53 | D:1      | Slain by a jackal

Illustrated notes

Levels and vault maps discovered:
D:1:      minmay_arrival_hallway, layout_rooms, ebering_ecumenical_altar_webs

Skill      XL: |  1 |
---------------+----+-----
Spellcasting   | 2 |  2.0
Dodging        | |  1.7
Stealth        | |  1.7
Transmutations | |  0.8
Earth Magic    | |  2.9

Action                   || total
-------------------------++-------
Melee: Unarmed           ||     8
 Cast: Sandblast         ||     6
Armor: Robe              ||     6
Dodge: Dodged            ||    21
